Map: Heavy Artillery LE

Players

Massa

  • Race: Terran Terran
  • League: Gold
  • Spawn Location: 1:00

qqq

  • Race: Zerg Zerg
  • League: Platinum
  • Spawn Location: 3:00

PashaCrazy

  • Race: Terran Terran
  • League: Silver
  • Spawn Location: 7:00

dgerom

  • Race: Protoss Protoss
  • League: Gold
  • Spawn Location: 7:00

VOD

Have the link to the VOD?

Description

Time

  • Played on: June 4, 2020, 2:22 p.m.
  • Length: 7:30
Show
View Real Time Build Order
Export as new Build Order

Massa Terran 

Build Orders:  

Get SALT Encoding   

  12  0:07  SCV  
  13  0:15  Supply Depot  
  13  0:19  SCV  
  14  0:31  SCV  
  15  0:39  Barracks  
  15  0:43  SCV  
  16  0:56  SCV  
  17  1:08  SCV  
  18  1:20  SCV  
  19  1:32  SCV  
  20  1:44  SCV  
  20  1:45  Marine  
  22  1:56  Supply Depot  
  22  2:02  Marine  
  23  2:20  Command Center  
  23  2:27  SCV  
  24  2:38  Refinery  
  24  2:40  Refinery, Orbital Command  
  24  2:51  Barracks  
  24  2:55  Barracks  
  24  2:58  Marine  
  25  3:16  Marine  
  25  3:17  SCV  
  25  3:18  Command Center  
  27  3:29  SCV  
  28  3:41  SCV  
  28  3:42  Barracks Tech Lab  
  28  3:44  Barracks Reactor  
  29  3:53  SCV  
  30  4:01  Barracks Reactor  
  30  4:05  SCV  
  31  4:11  Refinery  
  31  4:14  Refinery  
  31  4:17  SCV  
  32  4:30  SCV x2  
  34  4:32  Factory  
  34  4:41  Stimpack  
  34  4:42  SCV  
  34  4:43  SCV  
  36  4:47  SCV  
  37  4:54  SCV, Marauder  
  37  4:55  SCV  
  37  4:59  SCV  
  42  5:01  Bunker  
  42  5:06  SCV  
  44  5:07  SCV  
  44  5:09  Supply Depot  
  44  5:11  SCV  
  45  5:15  Marauder  
  45  5:16  Marine  
  45  5:17  Marine x3  
  45  5:18  SCV  
  45  5:19  SCV  
  45  5:20  Widow Mine  
  54  5:23  SCV  
  54  5:34  Marine x2  
  54  5:35  SCV, Marine  
  56  5:38  Marine  
  56  5:39  Marauder  
  52  5:52  Marine x2  
  54  5:57  Marine x2  
  54  6:00  Marauder  
  54  6:03  Orbital Command  
  52  6:17  SCV  
  50  6:20  Marine  
  50  6:22  Marauder  
  50  6:29  SCV  
  50  6:31  Factory  
  51  6:36  Barracks  
  51  6:41  SCV  
  51  6:43  Marauder  
  46  6:56  SCV  
  45  7:04  Marauder, Marine x2  
  36  7:17  SCV  
Show
View Real Time Build Order
Export as new Build Order

qqq Zerg 

Build Orders: Hatch First 

Get SALT Encoding   

  12  0:02  Drone  
  13  0:08  Drone  
  14  0:38  Hatchery  
  13  0:47  Overlord  
  13  0:48  Drone  
  14  1:03  Spawning Pool  
  13  1:13  Drone x2  
  13  1:15  Extractor  
  14  1:20  Overlord  
  14  1:27  Drone  
  15  1:47  Drone x2  
  15  1:51  Roach Warren  
  16  1:56  Queen  
  18  2:02  Zergling x2  
  18  2:06  Drone  
  20  2:11  Drone  
  20  2:15  Drone  
  22  2:36  Drone  
  23  2:37  Roach x2  
  23  2:38  Drone x2  
  29  2:52  Lair  
  29  2:53  Roach  
  29  2:56  Drone  
  32  2:59  Drone  
  32  3:04  Overlord  
  34  3:12  Drone  
  34  3:15  Queen  
  36  3:21  Overlord  
  36  3:32  Roach x3  
  42  3:40  Roach  
  44  3:44  Drone  
  44  3:45  Drone x2  
  48  3:48  Drone x3  
  48  3:52  Drone  
  48  3:53  Extractor  
  50  3:56  Drone  
  51  4:05  Glial Reconstitution  
  51  4:08  Drone  
  52  4:15  Overlord x2  
  52  4:25  Overlord x3  
  52  4:37  Drone  
  53  4:38  Drone  
  53  4:39  Drone  
  53  4:42  Hatchery  
  54  4:47  Roach  
  54  4:48  Drone x3  
  58  4:57  Roach x3  
  64  5:08  Spine Crawler  
  64  5:09  Roach  
  65  5:18  Roach  
  65  5:24  Roach x3  
  61  5:44  Roach x2  
  63  5:52  Ravager  
  63  5:54  Ravager  
  63  5:56  Roach x4  
  71  6:16  Roach  
  71  6:17  Roach  
  70  6:26  Roach x3  
  70  6:27  Queen  
  78  6:33  Roach  
  78  6:34  Roach x2  
  84  6:40  Roach  
  84  6:41  Roach  
  88  6:51  Hatchery  
  87  6:58  Roach  
  87  6:59  Roach x2  
Show
View Real Time Build Order
Export as new Build Order

PashaCrazy Terran 

Build Orders:  

Get SALT Encoding   

  12  0:01  SCV  
  13  0:13  SCV  
  14  0:18  Supply Depot  
  14  0:25  SCV  
  15  0:40  SCV  
  15  0:42  Barracks  
  16  0:46  Refinery  
  16  0:52  SCV  
  17  1:10  SCV  
  18  1:22  SCV  
  19  1:30  Barracks Reactor  
  19  1:38  Command Center  
  19  2:08  Marine  
  19  2:09  Marine  
  19  2:14  Supply Depot  
  21  2:21  Orbital Command  
  20  2:27  Marine x2  
  22  2:43  Barracks  
  22  2:44  Marine  
  22  2:46  Barracks, Marine  
  24  2:58  Orbital Command  
  23  3:13  Bunker  
  23  3:18  Marine  
  24  3:20  Factory  
  24  3:22  Marine  
  25  3:30  SCV x2  
  27  3:40  Barracks Reactor, Barracks Tech Lab  
  27  3:43  Marine x2  
  29  3:58  SCV x2, Engineering Bay  
  31  4:04  Marine x2  
  31  4:07  Marine  
  34  4:10  Factory Tech Lab, SCV x2  
  36  4:19  Stimpack  
  36  4:22  Marine  
  36  4:23  Marine  
  38  4:24  Marine  
  38  4:26  Marine  
  38  4:28  Marine  
  41  4:37  Refinery, SCV x2  
  43  4:49  SCV, Terran Infantry Weapons Level 1  
  43  4:50  Missile Turret  
  43  4:52  Marine x2  
  46  5:03  Supply Depot  
  46  5:24  Marine  
  46  5:25  Marine  
  41  5:46  Marine x3  
  41  5:47  Marine x2  
  43  5:59  Combat Shield  
  43  6:04  Marine x5  
  43  6:09  Supply Depot  
  48  6:13  Supply Depot x2  
  48  6:14  Supply Depot  
  48  6:20  SCV x2  
  48  6:22  Marine x4  
  54  6:31  Marine  
  54  6:32  SCV x2  
  57  6:40  Marine x4  
  57  6:44  SCV x2  
  63  6:48  Marine  
  64  6:56  SCV  
  64  6:57  Marine x2  
  67  7:06  Marine  
Show
View Real Time Build Order
Export as new Build Order

dgerom Protoss 

Build Orders:  

Get SALT Encoding   

  12  0:01  Probe  
  13  0:13  Probe  
  14  0:17  Pylon  
  14  0:25  Probe  
  15  0:37  Probe (Chrono Boost)  
  15  0:42  Gateway  
  16  0:49  Probe (Chrono Boost)  
  17  0:50  Assimilator  
  17  0:54  Probe (Chrono Boost)  
  18  0:57  Assimilator  
  18  1:03  Probe  
  19  1:09  Gateway  
  19  1:16  Probe (Chrono Boost)  
  20  1:25  Probe (Chrono Boost)  
  21  1:30  Probe (Chrono Boost), Cybernetics Core  
  22  1:42  Probe, Pylon  
  23  2:00  Probe  
  23  2:01  Pylon  
  24  2:11  Stalker (Chrono Boost)  
  24  2:12  Probe  
  24  2:14  Warp Gate  
  29  2:19  Stalker (Chrono Boost)  
  29  2:32  Stalker  
  30  2:41  Pylon  
  30  2:42  Stalker  
  32  2:51  Robotics Facility  
  32  2:52  Gateway  
  32  2:57  Shield Battery  
  32  3:13  Stalker x2  
  36  3:25  Pylon  
  36  3:37  Warp Prism (Chrono Boost)  
  38  4:04  Pylon  
  38  4:05  Pylon, Stalker x2  
  38  4:06  Observer  
  38  4:08  Stalker  
  45  4:37  Stalker x3  
  51  5:02  Stalker  
  51  5:03  Stalker x2  
  57  5:32  Stalker x3  
  59  5:59  Stalker x3  
  61  6:17  Observer  
  55  6:25  Observer  
  55  6:26  Stalker  
  55  6:27  Stalker x2  
  55  7:10  Stalker x3  
Tags
 
Add a new tag
Caveats
  • Supply blocks, unpowered buildings, or Contaminate may cause inaccurate times.
  • Supply counts are checked every 10 seconds.